 Dungeon Crawl Stone Soup version 0.30-a0-1085-g990a428a5c (webtiles) character file.

Game seed: 2858654270879498633

35 NateTC the Trooper (level 3, 0/24 HPs)
             Began as a Gargoyle Berserker on Apr 16, 2023.
             Was a Follower of Trog.
             Frozen to death by an endoplasm (5 damage)
             ... on level 2 of the Dungeon.
             The game lasted 00:01:07 (744 turns).

NateTC the Trooper (Gargoyle Berserker)              Turns: 744, Time: 00:01:07

Health: 0/24       AC:  5    Str: 20    XL:     3   Next: 35%
Magic:  3/3        EV: 12    Int:  7    God:    Trog [*.....]
Gold:   29         SH:  0    Dex: 11    Spells: 2/2 levels left

rFire   . . .      SeeInvis .    a - +1 mace
rCold   . . .      Faith    .    (no shield)
rNeg    + . .      Spirit   .    b - +0 animal skin
rPois   ∞          Reflect  .    (no helmet)
rElec   +          Rampage  .    (no cloak)
rCorr   .                        (no gloves)
Will    .....                    (no boots)
Stlth   +                        (no amulet)
HPRegen 0.24/turn                (no ring)
MPRegen 0.08/turn                (no ring)

@: on berserk cooldown, slowed, very slow
A: sickness immunity, AC +3, negative energy resistance 1, electricity
resistance, torment resistance 1, petrification resistance
a: Renounce Religion, Berserk


You were on level 2 of the Dungeon.
You worshipped Trog.
Trog was aware of your devotion.
You visited 1 branch of the dungeon, and saw 2 of its levels.

You collected 29 gold pieces.

Inventory:

Hand Weapons
 a - a +1 mace (weapon)
Armour
 b - a +0 animal skin (worn)
Jewellery
 f - a +6 ring of dexterity
Scrolls
 d - 2 scrolls of vulnerability
Potions
 c - 2 potions of attraction {unknown}
 e - a potion of flight {unknown}
 h - a potion of degeneration {unknown}
 i - a potion of might {unknown}


   Skills:
 * Level 4.1 Fighting
 + Level 3.3 Maces & Flails
 + Level 2.7 Armour
 - Level 1.5 Dodging


You had 2 spell levels left.
You didn't know any spells.
Your spell library was empty.

Dungeon Overview and Level Annotations

Branches:
Dungeon (2/15) Zot: 11238

Altars:


Innate Abilities, Weirdness & Mutations

You are immune to sickness and miasma.
Your stone body is resilient. (AC +3)
You are immune to poison.
You resist negative energy. (rN+)
You are resistant to electric shocks. (rElec)
You are resistant to unholy torment.
You are immune to petrification.


Message History

The adder barely misses you.
You closely miss the adder.
The adder is moderately wounded.
The adder bites you.
You barely miss the adder.
The adder is moderately wounded.
The adder bites you but does no damage.
You miss the adder.
The adder is moderately wounded.
The adder barely misses you.
You miss the adder.
The adder is moderately wounded.
The adder closely misses you.
You sock the adder!
You kill the adder!
Trog accepts your kill.
You hit the hobgoblin.
The hobgoblin is almost dead.
The hobgoblin hits you.
* * * LOW HITPOINT WARNING * * *
You closely miss the hobgoblin.
The hobgoblin is almost dead.
The hobgoblin barely misses you.
You hit the hobgoblin.
You kill the hobgoblin!
Trog accepts your kill.
You are no longer berserk.
You are exhausted.
You feel yourself slow down. The endoplasm freezes you.
You are frozen.
* * * LOW HITPOINT WARNING * * *
You see here an adder corpse.
You barely miss the endoplasm. The endoplasm closely misses you. x2
You hit the endoplasm.
The endoplasm is moderately wounded.
The endoplasm closely misses you. The endoplasm freezes you.
You are frozen.
You die...

....... # ....?..
.# ......!
######.#
.....$†###.......
..............#
..............#
..[...........#
#####
.......###J####
#...# ....... #@#
#...# #...###
#.#########...#
#...
#.##..........#
#..
#..'..........#
####..........#
######'#...#
#)#...# #.#...#
#.#...#


You could see an endoplasm.

Vanquished Creatures
  An adder (D:2)
  A worm (D:2)
  A dart slug (D:1)
  2 endoplasms
  3 goblins
  A hobgoblin (D:2)
  A quokka (D:1)
  2 ball pythons
  4 frilled lizards
  4 kobolds (D:1)
  3 rats
23 creatures vanquished.

Notes
Turn   | Place    | Note
-------+----------+-------------------------------------------
     0 | D:1      | NateTC the Gargoyle Berserker began the quest for the Orb.
     0 | D:1      | Reached XP level 1. HP: 14/14 MP: 1/1
   213 | D:1      | Reached XP level 2. HP: 19/19 MP: 2/2
   450 | D:1      | Found a faded altar of an unknown god.
   666 | D:2      | Reached skill level 4 in Fighting
   666 | D:2      | Reached XP level 3. HP: 17/24 MP: 3/3
   744 | D:2      | Frozen to death by an endoplasm

Illustrated notes

Levels and vault maps discovered:
D:1:      dpeg_arrival_long_road, layout_loops_ring,
          dreamdust_ecumenical_altar_angels_and_demons
D:2:      layout_basic

Skill      XL: |  1  2 |
---------------+-------+-----
Fighting       | 4 |  4.1
Maces & Flails | |  3.3
Armour         | |  2.7
Dodging        | |  1.5

Action                     || total
---------------------------++-------
  Melee: Mace              ||    76
 Invoke: Berserk           ||     1
    Use: Scroll            ||     3
 Armour: Animal skin       ||    28
  Dodge: Dodged            ||    65

Table legend: (Time is in decaauts)
 A = Elapsed time spent in this place.
 B = Non-inter-level travel time spent in this place.
 C = Inter-level travel time spent in this place.
 D = Time resting spent in this place.
 E = Time spent auto-exploring this place.
 F = Levels seen in this place.
 G = Mean time per level.
                   A        B        C        D        E       F      G
               +--------+--------+--------+--------+--------+-----+--------+
         Total |    759 |    751 |      8 |     63 |    520 |   2 |  379.5 |
       Dungeon |    759 |    751 |      8 |     63 |    520 |   2 |  379.5 |
               +--------+--------+--------+--------+--------+-----+--------+

Top non-repeatable levels by time:
     D:1: 606 daAuts
     D:2: 153 daAuts
